 Dungeon Crawl Stone Soup version 0.22-a0-757-gdba82d8 (webtiles) character file.

1682 Mamutox the Cleaver (level 9, -2/99 HPs)
             Began as an Ogre Chaos Knight on July 16, 2018.
             Killed by nerve-wracking pain
             ... invoked by an orc priest
              (6 damage)
             ... on level 7 of the Dungeon.
             The game lasted 00:17:44 (5936 turns).

Mamutox the Cleaver (Ogre Chaos Knight)             Turns: 5936, Time: 00:17:47

Health: -2/99      AC: 11    Str: 18    XL:     9   Next: 2%
Magic:  9/9        EV: 11    Int: 13    God:    Xom [.....*]
Gold:   325        SH:  0    Dex: 13    Spells: 8/8 levels left

rFire    . . .     SeeInvis .   E - +1 battleaxe (chop)
rCold    . . .     Gourm    .   (shield currently unavailable)
rNeg     . . .     Faith    .   b - +2 robe
rPois    .         Spirit   .   (helmet restricted)
rElec    .         Reflect  .   d - +2 cloak {+Inv}
rCorr    .         Harm     .   (gloves unavailable)
MR       .....                  (boots unavailable)
Stlth    +.........             (no amulet)
HPRegen  0.66/turn              u - ring of wizardry
MPRegen  0.11/turn              (no ring)

@: no status effects
A: large, unfitting armour, talons 1, molten scales 1, rugged brown scales 1,
agile 1, regeneration 1, tough skin 1, MP-powered wands
a: Renounce Religion, Evoke Invisibility


You were on level 7 of the Dungeon.
You worshipped Xom.
You were Xom's teddy bear.
You were not hungry.

You visited 1 branch of the dungeon, and saw 7 of its levels.

You collected 325 gold pieces.

Inventory:

Hand Weapons
 a - a +1 hand axe of chaos
 e - a +0 hand axe
 E - a +1 battleaxe of chopping (weapon)
Missiles
 p - 16 poisoned needles
 q - 3 poisoned tomahawks
 r - 7 javelins (quivered)
 v - 2 tomahawks
Armour
 b - a +2 robe (worn)
 d - a +2 cloak of invisibility (worn)
 n - a scarf of cloud immunity
Jewellery
 u - a ring of wizardry (left hand)
 D - an uncursed ring of poison resistance {unknown}
 H - a cursed -3 ring of evasion {unknown}
Wands
 t - a wand of flame (16)
Scrolls
 f - a scroll of blinking {unknown}
 g - 2 scrolls of remove curse {unknown}
 h - a scroll of immolation {unknown}
 s - a scroll of fog {unknown}
 w - a scroll of enchant weapon
 y - a scroll of fear {unknown}
 A - 2 scrolls of amnesia {unknown}
 C - 3 scrolls of teleportation {unknown}
 F - a scroll of identify
Potions
 i - 2 potions of ambrosia
 j - 2 potions of magic
 k - a potion of brilliance
 l - a potion of agility {unknown}
 m - 3 potions of might
 o - 2 potions of berserk rage {unknown}
 x - a potion of flight {unknown}
 z - a potion of haste {unknown}
 B - a potion of degeneration {unknown}
 G - a potion of cancellation {unknown}
Comestibles
 c - 15 rations


   Skills:
 + Level 8.4 Fighting
 - Level 9.8 Axes
 - Level 2.9 Dodging
 - Level 0.5 Stealth


You had 8 spell levels left.
You didn't know any spells.
Your spell library was empty.

Dungeon Overview and Level Annotations

Branches:
Dungeon (7/15)             Temple (0/1) D:4

Altars:
Ashenzari
Cheibriados
Elyvilon
Gozag
Kikubaaqudgha
Nemelex Xobeh
Ru
Vehumet
Yredelemnul
The Shining One

Shops:
D:4 =

Annotations:
Abyss:1 Blork the orc


Innate Abilities, Weirdness & Mutations

You are too large for most types of armour.
You have tough skin. (AC +1)
You have sharp toenails.
You are partially covered in molten scales. (AC +2)
You are partially covered in rugged brown scales. (AC +1, +3% HP)
You are agile. (Dex +2)
Your natural rate of healing is unusually fast.
You expend magic power (3 MP) to strengthen your wands.


Message History

The orc priest closely misses you. x2
You closely miss the orc priest.
You claw the orc priest, but do no damage.
The orc priest is severely wounded.
The orc priest hits you.
* * * LOW HITPOINT WARNING * * *
You closely miss the orc priest.
The orc priest is severely wounded.
The orc priest barely misses you.
You completely miss the orc priest.
The orc priest is severely wounded.
The orc priest barely misses you.
You completely miss the orc priest.
The orc priest is severely wounded.
The orc priest calls down the wrath of Beogh upon you.
Beogh smites you!
* * * LOW HITPOINT WARNING * * *
The orc priest invokes the aid of Beogh against you.
Pain shoots through your body!
You die...

.<..........
............ ...
..#.######.# ..#
....#....# #.#
....#....# #.#
...##....# #.#
...(.....# #.#
#.######.# #o#
### ... ####.####
#@# .... ...
#.......####.#
... #.#
#...........$##.#
#.#
#.......##......#
#.
#..(....##......#
#.......##......#
#.......##......#
#.....<....####.#
#..........# .#


You could see an orc priest.

Vanquished Creatures
  Prince Ribbit (D:5)
  An orc warrior (D:7)
  A boggart (shapeshifter) (D:5)
  An ogre (D:4)
  4 centaurs
  A bullfrog (D:7)
  2 crimson imps
  A bullfrog zombie (D:6)
  Crazy Yiuf (D:2)
  A jelly (D:5)
  A centaur skeleton (D:5)
  2 orc priests
  A bullfrog skeleton (D:5)
  Jessica (D:3)
  6 worker ants
  A worker ant zombie (D:5)
  Robin (D:2)
  8 adders
  An ooze (D:2)
  3 worms (D:3)
  3 dart slugs
  4 leopard geckos
  12 orcs
  4 giant cockroaches
  16 goblins
  11 hobgoblins
  11 jackals
  A quokka (D:2)
  3 ball pythons (D:2)
  6 bats
  11 frilled lizards
  A giant cockroach zombie (D:5)
  15 kobolds
  8 rats
  3 fungi (D:2)
148 creatures vanquished.

Vanquished Creatures (collateral kills)
  A steam dragon (D:6)
  An orc priest (D:6)
  An iguana (D:6)
  2 orc wizards (D:5)
5 creatures vanquished.

Vanquished Creatures (others)
  An orc wizard (D:6)
  A giant cockroach (D:3)
  A goblin (D:2)
3 creatures vanquished.

Grand Total: 156 creatures vanquished

Notes
Turn   | Place    | Note
-------+----------+-------------------------------------------
     0 | D:1      | Mamutox the Ogre Chaos Knight began the quest for the Orb.
     0 | D:1      | Reached XP level 1. HP: 24/24 MP: 1/1
    37 | D:1      | XOM: potion effect (berserk rage)
    50 | D:1      | Reached XP level 2. HP: 32/32 MP: 2/2
   330 | D:1      | XOM: harmless Tmut miscast
   389 | D:1      | Reached XP level 3. HP: 36/40 MP: 3/3
   702 | D:2      | XOM: snakes to sticks
   715 | D:2      | Noticed Robin
   728 | D:2      | XOM: enchant monster (good)
   729 | D:2      | XOM: harmless Necr miscast
   733 | D:2      | Reached skill level 4 in Axes
   737 | D:2      | Killed Robin
   737 | D:2      | Reached XP level 4. HP: 31/49 MP: 4/4
  1008 | D:2      | XOM: medium Conj miscast
  1306 | D:2      | XOM: silly message
  1433 | D:2      | Found a sacrificial altar of Ru.
  1512 | D:2      | Found a runed door.
  1518 | D:2      | Noticed Crazy Yiuf
  1537 | D:2      | Killed Crazy Yiuf
  1537 | D:2      | Reached XP level 5. HP: 11/55 MP: 5/5
  1738 | D:2      | XOM: harmless Air miscast
  2222 | D:2      | XOM: give mutations
  2222 | D:2      | Gained mutation: Your natural rate of healing is unusually fast. [Xom's grace]
  2222 | D:2      | Gained mutation: You are agile. (Dex +2) [Xom's grace]
  2222 | D:2      | Gained mutation: You are partially covered in rugged brown scales. (AC +1, +3% HP) [Xom's grace]
  2252 | D:3      | Noticed Jessica
  2257 | D:3      | Killed Jessica
  2257 | D:3      | Reached skill level 5 in Axes
  2525 | D:3      | XOM: summons 1 hostile demon
  2626 | D:3      | Found a glowing golden altar of the Shining One.
  2629 | D:3      | Found a radiant altar of Vehumet.
  2629 | D:3      | Found a shattered altar of Ashenzari.
  2651 | D:3      | Found an ancient bone altar of Kikubaaqudgha.
  2651 | D:3      | Found a sparkling altar of Nemelex Xobeh.
  2807 | D:3      | Reached XP level 6. HP: 66/66 MP: 6/6
  3096 | D:3      | XOM: god gift: 6 rations
  3321 | D:4      | Found Nunius's Jewellery Shop.
  3418 | D:4      | Found a staircase to the Ecumenical Temple.
  3462 | D:4      | XOM: cleaving
  3470 | D:4      | Reached skill level 6 in Axes
  3576 | D:4      | Found an opulent altar of Gozag.
  4018 | D:4      | XOM: scenery: 1 doors close
  4057 | D:5      | Entered Level 5 of the Dungeon
  4131 | D:5      | Reached XP level 7. HP: 71/73 MP: 7/7
  4135 | D:5      | Reached skill level 7 in Axes
  4336 | D:5      | Noticed Prince Ribbit
  4353 | D:5      | XOM: summons 3 hostile demons
  4359 | D:5      | XOM: divination: magic mapping
  4455 | D:4      | XOM: give mutations
  4455 | D:4      | Gained mutation: You have sharp toenails. [Xom's grace]
  4455 | D:4      | Gained mutation: You are partially covered in molten scales. (AC +2) [Xom's grace]
  4455 | D:4      | Gained mutation: You expend magic power (3 MP) to strengthen your wands. [Xom's grace]
  4464 | D:5      | XOM: 1-stop teleportation journey
  4532 | D:5      | Found a snail-covered altar of Cheibriados.
  4613 | D:4      | XOM: fog
  4641 | D:5      | Reached skill level 8 in Axes
  4648 | D:5      | Killed Prince Ribbit
  4648 | D:5      | Reached skill level 9 in Axes
  4648 | D:5      | Reached XP level 8. HP: 70/81 MP: 8/8
  4875 | D:5      | Noticed Blork the orc
  4886 | D:5      | Banished Blork the orc
  5112 | D:5      | XOM: polymorph ogre -> boggart
  5302 | D:6      | Reached skill level 5 in Fighting
  5384 | D:6      | XOM: polymorph orc warrior -> steam dragon
  5399 | D:6      | XOM: god gift: rapier {god gift}
  5426 | D:6      | XOM: summons 8 friendly demons
  5491 | D:6      | XOM: 9-stop teleportation journey
  5641 | D:6      | Found a white marble altar of Elyvilon.
  5692 | D:6      | XOM: 1-stop teleportation journey
  5757 | D:6      | Found a basalt altar of Yredelemnul.
  5829 | D:7      | XOM: summons friendly ufetubus
  5832 | D:7      | XOM: cast spell 'Metabolic Englaciation'
  5853 | D:7      | XOM: cleaving
  5925 | D:7      | Reached XP level 9. HP: 24/99 MP: 9/9
  5936 | D:7      | HP: 4/99 [orc priest/divine providence (8)]
  5936 | D:7      | Killed from afar by an orc priest

Vault maps used:
D:1:      lemuel_arrival_rhombus, serial_bayou_lagoon_b
D:2:      nicolae_ru_awakened_eye, uniq_robin, uniq_crazy_yiuf_cottage
D:3:      grunt_temple_overflow_open, uniq_jessica
D:4:      lemuel_round_altar, temple_statues, serial_shops, shop_fountains
D:5:      cheibrodos_worm_habitat, first_ration, uniq_blork_the_orc,
          uniq_prince_ribbit1
D:6:      kennysheep_ying_yang
D:7:      serial_shops, shop_statue, uniq_joseph

Skill      XL: |  1  2  3  4  5  6  7  8 |
---------------+-------------------------+-----
Axes           | 4 5 6 9 |  9.8
Fighting       | 8 |  8.4
Dodging        | |  2.9
Stealth        | |  0.5

Action                   |  1- 3 |  4- 6 |  7- 9 || total
-------------------------+-------+-------+-------++-------
Melee: Hand axe          |   109 |   289 |   122 ||   520
       Kick              |       |       |    40 ||    40
       Battleaxe         |       |       |    17 ||    17
  Use: Scroll            |       |     3 |     2 ||     5
 Stab: Sleeping          |     2 |     1 |     1 ||     4
       Paralysed         |     1 |     4 |       ||     5
       Invisible         |       |     1 |       ||     1
       Petrified         |       |     2 |       ||     2
  Eat: Chunk             |       |    11 |     3 ||    14
       Ration            |       |       |     1 ||     1
Armor: Robe              |    55 |   103 |    45 ||   203
Dodge: Dodged            |    84 |   179 |    66 ||   329

Table legend:
 A = Spawn XP
 B = Non-spawn XP
 C = Spawn XP percentage of total XP
 D = Spawn monster count
 E = Non-spawn monster count
 F = Spawn count percentage of total count
 G = Total turns spent on level
                    A         B        C        D         E        F      G
               +---------+---------+-------+---------+---------+-------+---------
         Total |       0 |    2403 |   0.0 |       0 |     153 |   0.0 |  5936
               +---------+---------+-------+---------+---------+-------+---------
           D:1 |       0 |      41 |   0.0 |       0 |      26 |   0.0 |   544
           D:2 |       0 |     154 |   0.0 |       0 |      42 |   0.0 |  1693
           D:3 |       0 |     178 |   0.0 |       0 |      37 |   0.0 |   960
           D:4 |       0 |     205 |   0.0 |       0 |       8 |   0.0 |   994
           D:5 |       0 |    1145 |   0.0 |       0 |      26 |   0.0 |  1037
           D:6 |       0 |     313 |   0.0 |       0 |      10 |   0.0 |   600
           D:7 |       0 |     367 |   0.0 |       0 |       4 |   0.0 |   108
               +---------+---------+-------+---------+---------+-------+---------
